Map: Bel'Shir Vestige LE (Void)

Players

IIIIIIIIIIII

  • Race: Zerg Zerg
  • League: Master
  • Spawn Location: 5:00

Railgan - Winner!

  • Race: Zerg Zerg
  • League: Grandmaster
  • Spawn Location: 11:00

VOD

Have the link to the VOD?

Description

Time

  • Played on: March 10, 2017, 11:22 a.m.
  • Length: 10:37
Show
View Real Time Build Order
Export as new Build Order

IIIIIIIIIIII Zerg 

Build Orders: Hatch First 

Get SALT Encoding   

  12  0:00  Drone  
  13  0:12  Overlord  
  13  0:17  Drone  
  14  0:30  Drone  
  14  0:31  Drone  
  14  0:35  Drone  
  17  0:52  Hatchery  
  17  0:53  Drone  
  17  0:57  Drone  
  17  0:59  Extractor  
  17  1:06  Drone  
  18  1:15  Spawning Pool  
  18  1:18  Drone  
  18  1:28  Drone  
  19  1:38  Overlord  
  19  2:02  Metabolic Boost, Queen  
  19  2:03  Zergling x4  
  19  2:04  Queen  
  19  2:05  Zergling x2  
  26  2:13  Drone  
  26  2:15  Drone  
  28  2:19  Baneling Nest  
  27  2:25  Drone  
  27  2:26  Drone  
  29  2:32  Drone  
  30  2:46  Overlord  
  30  2:57  Drone x3  
  32  3:07  Zergling x4  
  32  3:10  Zergling x2  
  35  3:13  Zergling x4  
  35  3:14  Hatchery  
  35  3:19  Baneling x4  
  36  3:20  Zergling x2  
  36  3:22  Zergling x2  
  36  3:25  Zergling x2  
  39  3:33  Overlord  
  39  3:34  Drone x2  
  39  3:36  Drone  
  42  3:45  Drone x2  
  43  3:53  Drone x2  
  43  3:55  Drone x2  
  46  4:03  Drone  
  46  4:04  Drone x2  
  46  4:06  Drone  
  46  4:07  Extractor, Roach Warren  
  47  4:17  Lair  
  47  4:18  Drone  
  47  4:19  Evolution Chamber  
  42  4:39  Overlord  
  42  4:46  Roach x2  
  42  4:47  Roach x5  
  42  4:52  Overlord  
  56  4:53  Overlord  
  56  4:59  Roach  
  62  5:00  Roach x3  
  62  5:24  Roach  
  62  5:25  Extractor, Roach x2, Zergling x12  
  62  5:26  Zergling x4  
  77  5:35  Roach  
  77  5:36  Roach  
  75  5:43  Roach x2  
  73  5:50  Roach x2  
  73  5:54  Roach x3  
  73  5:56  Overlord x2  
  81  6:00  Baneling x2  
  81  6:10  Drone  
  80  6:18  Zerg Missile Weapons Level 1  
  80  6:22  Queen  
  80  6:24  Extractor, Drone x6  
  87  6:26  Drone  
  86  6:45  Drone x4  
  86  6:46  Drone  
  90  6:51  Drone x4  
  90  6:52  Drone  
  95  7:03  Drone x3  
  95  7:04  Overlord x4  
  98  7:09  Overseer  
  98  7:13  Extractor, Overlord  
  98  7:14  Overlord  
  97  7:18  Glial Reconstitution  
  97  7:22  Drone x4  
  101  7:27  Roach x3  
  101  7:28  Roach  
  105  7:37  Roach x4  
  105  7:38  Roach  
  105  7:40  Roach  
  107  7:48  Roach x4  
  107  7:50  Roach  
  111  7:52  Ravager x2  
  111  7:53  Ravager x3  
  111  7:58  Roach x3  
  122  8:08  Roach x3  
  122  8:09  Roach x2  
  131  8:21  Roach x5  
  107  8:38  Roach x6  
  99  8:54  Roach x2  
  101  9:04  Drone x2  
  101  9:05  Hatchery  
  101  9:08  Drone x3  
  103  9:15  Roach x4  
  104  9:18  Ravager x2  
  104  9:19  Ravager  
  102  9:38  Queen  
  96  9:39  Drone  
  96  9:40  Drone x6  
  96  9:44  Roach  
  103  9:48  Roach  
  103  9:51  Roach  
  105  10:00  Roach  
  105  10:05  Ravager  
  102  10:08  Roach  
  102  10:17  Roach x2  
Show
View Real Time Build Order
Export as new Build Order

Railgan Zerg - Winner!

Build Orders: Pool First 

Get SALT Encoding   

  12  0:01  Drone  
  13  0:12  Overlord  
  13  0:17  Drone  
  14  0:31  Drone x2  
  14  0:34  Drone  
  17  0:45  Drone  
  17  0:49  Spawning Pool  
  17  0:56  Drone  
  18  1:10  Hatchery  
  17  1:11  Extractor  
  17  1:14  Drone  
  17  1:17  Drone  
  18  1:30  Drone  
  19  1:39  Queen  
  21  1:40  Zergling x2  
  22  1:49  Overlord  
  22  1:59  Baneling Nest  
  22  2:00  Drone  
  22  2:12  Drone  
  22  2:15  Queen  
  25  2:25  Drone x2, Queen  
  29  2:33  Drone  
  29  2:34  Zergling x2  
  31  2:44  Drone x2  
  32  2:45  Metabolic Boost  
  32  2:47  Overlord  
  32  2:48  Drone  
  34  2:55  Drone, Overlord  
  34  3:01  Drone  
  35  3:10  Zergling x2  
  35  3:11  Drone  
  39  3:16  Baneling x2  
  39  3:17  Drone x2  
  41  3:23  Roach Warren  
  41  3:25  Drone  
  41  3:27  Drone  
  42  3:29  Drone x3  
  42  3:32  Zergling x2  
  44  3:35  Baneling x2, Extractor  
  44  3:36  Zergling x4  
  44  3:40  Overlord  
  45  3:46  Zergling x2  
  46  3:53  Zergling x2  
  46  3:56  Baneling x2  
  46  4:04  Roach x3  
  52  4:10  Overlord  
  52  4:11  Roach  
  52  4:15  Drone x2  
  56  4:17  Drone x2  
  58  4:32  Drone  
  58  4:33  Roach  
  58  4:34  Overlord, Roach x3  
  67  4:46  Zergling x2  
  67  4:47  Overlord, Hatchery  
  67  4:49  Zergling x2  
  67  4:50  Overlord  
  68  4:54  Zergling x2  
  68  4:55  Zergling x2  
  68  4:56  Lair  
  70  5:00  Evolution Chamber  
  65  5:17  Zergling x2  
  65  5:18  Zergling x14  
  71  5:23  Zergling x2  
  73  5:28  Drone  
  73  5:29  Zerg Missile Weapons Level 1  
  72  5:40  Roach  
  72  5:41  Roach  
  65  5:53  Roach x6  
  65  5:54  Drone  
  76  5:59  Extractor  
  75  6:05  Drone x3, Glial Reconstitution  
  77  6:13  Drone  
  77  6:14  Drone  
  77  6:15  Drone  
  79  6:19  Drone  
  79  6:21  Roach x3  
  79  6:25  Overlord  
  86  6:26  Overlord, Roach x3  
  92  6:36  Roach  
  92  6:37  Roach  
  92  6:39  Roach  
  96  6:40  Roach  
  96  6:42  Drone  
  96  6:43  Drone  
  96  6:46  Extractor, Overlord, Roach  
  98  6:48  Drone x3  
  101  6:54  Drone x2  
  101  6:56  Drone  
  101  6:59  Overlord, Roach x2  
  101  7:01  Roach  
  110  7:13  Roach  
  110  7:14  Roach x4  
  120  7:16  Roach  
  120  7:20  Overlord  
  120  7:21  Extractor  
  121  7:27  Roach x3  
  127  7:33  Roach  
  129  7:45  Roach x4  
  129  7:46  Overlord  
  129  7:51  Drone x2  
  138  7:52  Overlord  
  138  7:54  Overlord  
  138  7:56  Overlord x3  
  138  7:57  Zerg Missile Weapons Level 2  
  138  8:04  Overlord  
  139  8:05  Drone  
  139  8:06  Drone x5  
  144  8:13  Roach  
  144  8:19  Roach x5  
  144  8:27  Roach  
  134  8:34  Roach x3  
  134  8:35  Roach x5  
  138  8:44  Roach  
  138  8:45  Roach  
  138  8:53  Roach  
  138  8:54  Roach x2  
  128  9:08  Roach  
  128  9:09  Roach x5  
  140  9:13  Roach  
  142  9:19  Roach x2  
  146  9:25  Ravager x3  
  146  9:26  Ravager x3  
  153  9:31  Roach  
  153  9:34  Roach x2  
  153  9:35  Roach x2  
  153  9:37  Roach  
  153  9:38  Roach  
  161  9:41  Roach  
  161  9:42  Roach  
  165  9:48  Overlord  
  165  9:53  Roach  
  165  9:54  Roach x5  
  177  10:09  Roach x8  
  177  10:10  Roach  
  177  10:11  Roach  
  197  10:15  Roach  
Tags
 
Add a new tag
Caveats
  • Supply blocks, unpowered buildings, or Contaminate may cause inaccurate times.
  • Supply counts are checked every 10 seconds.